 Dungeon Crawl Stone Soup version 0.26-a0-835-g8259106e14 (webtiles) character file.

Game seed: 17442239202277595164

25757 strifetoe the Severer (level 13, -14/82 HPs)
             Began as a Gargoyle Fighter on Nov 18, 2020.
             Was a High Priest of Okawaru.
             Killed from afar by a wretched star (26 damage)
             ... with a lance of force
             ... on level 2 of the Abyss.
             The game lasted 00:19:14 (11953 turns).

strifetoe the Severer (Gargoyle Fighter)           Turns: 11953, Time: 00:19:15

Health: -14/82     AC: 32    Str: 25    XL:     13   Next: 21%
Magic:  0/13       EV:  5    Int: 17    God:    Okawaru [*****.]
Gold:   1721       SH:  9    Dex:  4    Spells: 12/12 levels left

rFire    . . .     SeeInvis .   K - +2 war axe (elec)
rCold    . . .     Faith    .   c - +0 kite shield
rNeg     + . .     Spirit   +   b - +0 plate armour
rPois    ∞         Reflect  .   C - +0 helmet
rElec    +         Harm     .   G - +2 cloak
rCorr    .         Rampage  .   z - +2 pair of gloves {archery}
MR       .....                  (no boots)
Stlth    ..........             L - amulet "Cotih" {Spirit rElec rPois Int+8 Dex-5}
HPRegen  0.23/turn              D - +4 ring of slaying
MPRegen  0.13/turn              p - +4 ring of slaying

@: no status effects
A: negative energy resistance 1, electricity resistance, unbreathing,
petrification resistance, rot immunity, AC +9
a: Heroism, Finesse, Renounce Religion


You were on level 2 of the Abyss.
You worshipped Okawaru.
Okawaru was extremely pleased with you.
You visited 2 branches of the dungeon, and saw 13 of its levels.
You visited the Abyss 1 time.
You also visited: Gauntlet.

You collected 1770 gold pieces.
You spent 49 gold pieces at shops.

Inventory:

Hand Weapons
 a - a +1 war axe
 K - a +2 war axe of electrocution (weapon)
Armour
 b - a +0 plate armour (worn)
 c - a +0 kite shield (worn)
 z - a +2 pair of gloves of archery (worn)
 C - a +0 helmet (worn)
 G - a +2 cloak (worn)
 J - a +1 hat of magic resistance
Jewellery
 i - an uncursed ring of fire
 p - a +4 ring of slaying (right hand)
 r - an uncursed ring of ice
 x - the ring "Isousim" {rC+ rN+}
   (You found it on level 8 of the Dungeon)

   [ring of protection from cold]

   It protects you from cold.
   It protects you from negative energy.
 y - an uncursed amulet of regeneration
 D - a +4 ring of slaying (left hand)
 L - the amulet "Cotih" (around neck) {Spirit rElec rPois Int+8 Dex-5}
   (You found it on level 2 of the Abyss)

   [amulet of guardian spirit]

   It causes incoming damage to be split between your health and magic.
   It affects your intelligence (+8).
   It affects your dexterity (-5).
   It insulates you from electricity.
   It protects you from poison.
Wands
 e - a wand of disintegration (15)
 E - a wand of enslavement (3)
 H - a wand of paralysis (6)
 I - a wand of acid (7)
Scrolls
 f - 2 scrolls of fear
 q - 5 scrolls of teleportation
 s - a scroll of remove curse
 u - 2 scrolls of enchant weapon
 v - 7 scrolls of identify
 A - a scroll of magic mapping
 F - a scroll of silence
 M - a scroll of fog
Potions
 d - 4 potions of might
 g - 2 potions of brilliance {unknown}
 h - a potion of haste
 j - 2 potions of cancellation {unknown}
 k - 5 potions of curing
 l - 2 potions of ambrosia
 m - a potion of lignification {unknown}
 n - 4 potions of heal wounds
 o - a potion of flight
 t - a potion of invisibility {unknown}
 w - 3 potions of attraction {unknown}
 B - a potion of mutation


   Skills:
 - Level 10.1 Fighting
 + Level 16.0 Axes
 - Level 10.1 Armour
 - Level 3.2 Shields


You had 12 spell levels left.
You didn't know any spells.
Your spell library contained the following spells:

 Spells                   Type           Power        Failure   Level
 Animate Skeleton         Necr           #.....       100%        1
 Apportation              Tloc           #.....       100%        1
 Beastly Appendage        Tmut           #.....       100%        1
 Corona                   Hex            #......      100%        1
 Magic Dart               Conj           #...         100%        1
 Sandblast                Erth           #.....       100%        1
 Summon Small Mammal      Summ           #...         100%        1
 Blink                    Tloc           N/A          100%        2
 Call Imp                 Summ           #.......     100%        2
 Passwall                 Tmut/Erth      #.......     100%        2
 Slow                     Hex            #.......     100%        2
 Wereblood                Tmut           #.......     100%        2
 Conjure Flame            Conj/Fire      #.......     100%        3
 Mephitic Cloud           Conj/Pois/Air  #.......     100%        3
 Spider Form              Tmut/Pois      #.........   100%        3
 Stone Arrow              Conj/Erth      #.....       100%        3
 Ice Form                 Ice/Tmut       #.......     100%        4
 Petrify                  Tmut/Erth      #.......     100%        4
 Blade Hands              Tmut           #.........   100%        5
 Lee's Rapid Deconstruct  Erth           #.........   100%        5


Dungeon Overview and Level Annotations

Branches:
Dungeon (12/15)            Temple (1/1) D:4            Lair (0/6) D:8
    Orc (0/2) D:9         Gauntlet (visited)

Altars:
Ashenzari
Cheibriados
Dithmenos
Elyvilon
Fedhas
Gozag
Hepliaklqana
Kikubaaqudgha
Makhleb
Nemelex Xobeh
Okawaru
Qazlal
Ru
Sif Muna
Trog
Uskayaw
Vehumet
Wu Jian
Xom
Yredelemnul
Zin
The Shining One
Beogh

Shops:
D:6 ?   D:8 [

Annotations:
Gauntlet 11 transporters


Innate Abilities, Weirdness & Mutations

You are resistant to torment.
Your stone body is resilient. (AC +9)
You are immune to poison.
You resist negative energy. (rN+)
You are resistant to electric shocks. (rElec)
You can survive without breathing.
You are immune to petrification.
You are immune to rotting.


Message History

The raiju bursts into living lightning!
The living lightning hits you but does no damage.
The raiju blinks!
The large abomination hits you!!
* * * LOW HITPOINT WARNING * * *
Your base Axes skill increases to level 16!
A wretched star comes into view.
You are too injured to fight recklessly!
Unknown command.
You are too injured to fight recklessly!
Unknown command.
You are too injured to fight recklessly!
Unknown command.
You are too injured to fight recklessly!
Unknown command.
Your plate armour prevents you from hitting the raiju.
You hit the large abomination but do no damage.
You feel like a meek peon again.
The wretched star glows turbulently.
The lance of force hits you!!
You die...

.. . ... #.# .#.
#.#..§ # .. ..
###### #*#
#...#...## ##..
###.#.#.. .#
#...###..##.....#
# #@h§#.. # ...#
#..X##..#...#
...#
.#...#.###.... ..
### ##.....#
##....#. ..#
..X..#.. ####.
####.# ##.#.#.#.
# . #. . # #.#. .
# ## ## # .# . #
# ..# # ## . .


You could see a wretched star, 2 large abominations and a raiju.

Vanquished Creatures
  2 tentacled starspawn (Abyss:2)
  Gastronok (D:11)
  A boulder beetle (D:11)
  2 two-headed ogres
  The ghost of ziggurnaut the Covert, a journeyman FeNe of Hepliaklqana (D:11)
  The ghost of Sun the Martial Artist, a novice DgTm (D:7)
  A wizard (D:11)
  Pikel (D:5)
  A wolf spider (Gauntlet)
  3 smoke demons (Abyss:2)
  Psyche (D:9)
  2 hellwings (Abyss:2)
  A troll (D:9)
  2 ancient zymes (Abyss:2)
  A merfolk (D:9)
  3 raiju (Abyss:2)
  A meliai zombie (D:11)
  2 shadows
  Sigmund (D:6)
  A wyvern (D:10)
  27 yaks
  Grum (D:9)
  A large abomination (Abyss:2)
  A neqoxec (Abyss:2)
  A warg (D:11)
  2 acid dragons
  Duvessa (D:6)
  2 water moccasins
  11 orc warriors
  2 ice beasts
  4 sky beasts
  An eye of draining (Abyss:2)
  5 centaurs
  4 ogres
  5 phantoms
  2 necrophages
  4 wolves (D:9)
  4 lemures (D:5)
  3 big kobolds
  8 bullfrogs
  A wyvern zombie (D:8)
  Blork the orc (D:4)
  Dowan (D:6)
  3 scorpions
  14 killer bees
  2 troll zombies (D:9)
  9 wights
  2 bullfrog zombies
  3 centaur zombies
  7 jellies
  6 orc priests
  6 hounds
  8 orc wizards
  4 centaur skeletons
  Jessica (D:2)
  5 worker ants
  Natasha (D:2)
  2 iguanas
  A killer bee zombie (D:7)
  6 ogre zombies (D:9)
  A hound skeleton (D:10)
  A howler monkey zombie (D:5)
  8 adders
  7 gnolls
  A shadow imp (D:10)
  3 white imps
  2 ufetubi (D:7)
  An ooze (D:1)
  An adder skeleton (D:8)
  3 worms
  11 dart slugs
  2 leopard geckos
  58 orcs
  2 giant cockroaches
  8 goblins
  8 hobgoblins
  9 jackals
  2 quokkas
  7 bats
  6 frilled lizards
  A goblin zombie (D:9)
  3 hobgoblin zombies (D:9)
  A jackal zombie (D:5)
  26 kobolds
  2 leopard gecko skeletons (D:4)
  An orc skeleton (D:9)
  20 orc zombies (D:9)
  A quokka skeleton (D:4)
  A quokka zombie (D:6)
  8 rats
  3 starspawn tentacles (Abyss:2)
409 creatures vanquished.

Vanquished Creatures (others)
  A raiju (Abyss:2)
  4 fungi (Gauntlet)
  19 plants
  10 starspawn tentacles (Abyss:2)
34 creatures vanquished.

Grand Total: 443 creatures vanquished

Notes
Turn   | Place    | Note
-------+----------+-------------------------------------------
     0 | D:1      | strifetoe the Gargoyle Fighter began the quest for the Orb.
     0 | D:1      | Reached XP level 1. HP: 14/14 MP: 1/1
    59 | D:1      | Reached skill level 2 in Axes
   164 | D:1      | Reached XP level 2. HP: 19/19 MP: 2/2
   406 | D:1      | Reached skill level 3 in Axes
   550 | D:1      | Reached XP level 3. HP: 23/23 MP: 3/3
   890 | D:2      | Noticed Jessica
   895 | D:2      | Killed Jessica
   896 | D:2      | Reached XP level 4. HP: 19/28 MP: 4/4
   918 | D:2      | Reached skill level 4 in Axes
  1232 | D:2      | Found a shimmering altar of Xom.
  1312 | D:2      | Noticed Natasha
  1318 | D:2      | Killed Natasha
  1662 | D:2      | Reached XP level 5. HP: 32/32 MP: 5/5
  1969 | D:3      | Found an opulent altar of Gozag.
  2688 | D:4      | Found a basalt altar of Yredelemnul.
  2778 | D:4      | Reached skill level 5 in Axes
  2854 | D:4      | Noticed a phantom
  2866 | D:4      | Reached XP level 6. HP: 36/37 MP: 6/6
  2908 | D:4      | Killed a phantom
  2909 | D:4      | Reached skill level 6 in Axes
  2971 | D:4      | Found a staircase to the Ecumenical Temple.
  3003 | Temple   | Entered the Ecumenical Temple
  3078 | Temple   | Became a worshipper of Warmaster Okawaru
  3122 | D:4      | Noticed Blork the orc
  3134 | D:4      | Killed Blork the orc
  3268 | D:4      | Reached XP level 7. HP: 36/41 MP: 7/7
  3397 | D:4      | Reached skill level 7 in Axes
  3522 | D:5      | Entered Level 5 of the Dungeon
  3564 | D:5      | Noticed Pikel
  3582 | D:5      | Killed Pikel
  3582 | D:5      | Reached * piety under Okawaru
  3583 | D:5      | Reached skill level 8 in Axes
  3583 | D:5      | Reached XP level 8. HP: 23/46 MP: 8/8
  4211 | D:5      | Reached skill level 9 in Axes
  4237 | D:5      | Reached ** piety under Okawaru
  4298 | D:5      | Found a burning altar of Makhleb.
  4615 | D:6      | Noticed Duvessa
  4627 | D:6      | Killed Duvessa
  4627 | D:6      | Noticed Dowan
  4628 | D:6      | Reached skill level 10 in Axes
  4636 | D:6      | Killed Dowan
  4758 | D:6      | Reached XP level 9. HP: 45/51 MP: 9/9
  4818 | D:6      | Found a hide-covered altar of Uskayaw.
  4819 | D:6      | Noticed a -1 hand axe
  4819 | D:6      | Noticed a +0 dagger
  4820 | D:6      | Noticed Sigmund
  4829 | D:6      | Killed Sigmund
  4865 | D:6      | Reached *** piety under Okawaru
  5147 | D:6      | Found Paxuzxel's Magic Scroll Shoppe.
  5155 | D:6      | Bought a scroll of magic mapping for 49 gold pieces
  5486 | D:6      | Reached skill level 11 in Axes
  5538 | D:7      | Found a radiant altar of Vehumet.
  5555 | D:7      | Found a glowing golden altar of the Shining One.
  5568 | D:7      | Found a snail-covered altar of Cheibriados.
  5581 | D:7      | Identified the +10 scale mail of the Sunfish {rPois Regen+
                  | Str+2}
  5613 | D:7      | Found a transporter.
  5616 | D:7      | Noticed Sun's ghost (novice DgTm)
  5687 | D:7      | Found a transporter.
  6065 | D:7      | Reached skill level 12 in Axes
  6300 | D:7      | Found a shimmering altar of Xom.
  6349 | D:7      | Reached **** piety under Okawaru
  6357 | D:7      | Killed Sun's ghost
  6358 | D:7      | Reached skill level 5 in Fighting
  6358 | D:7      | Reached skill level 5 in Armour
  6358 | D:7      | Reached XP level 10. HP: 48/59 MP: 10/10
  6611 | D:8      | Got a coiled platinum ring
  6803 | D:8      | Found a sparkling altar of Nemelex Xobeh.
  7027 | D:8      | Found a staircase to the Lair.
  7128 | D:8      | Found Jityilump's Antique Armour Boutique.
  7614 | D:9      | Received a gift from Okawaru
  7678 | D:9      | Noticed Psyche
  7688 | D:9      | Killed Psyche
  7749 | D:9      | Reached ***** piety under Okawaru
  7829 | D:9      | Noticed Grum
  7831 | D:9      | Reached XP level 11. HP: 68/68 MP: 11/11
  7857 | D:9      | Killed Grum
  8066 | D:9      | Noticed a two-headed ogre
  8078 | D:9      | Killed a two-headed ogre
  8156 | D:9      | Identified the ring "Isousim" {rC+ rN+} (You found it on
                  | level 8 of the Dungeon)
  8306 | D:9      | Found a staircase to the Orcish Mines.
  8624 | D:10     | Entered Level 10 of the Dungeon
  8980 | D:10     | Reached skill level 10 in Fighting
  8980 | D:10     | Reached skill level 10 in Armour
  9156 | D:10     | Received a gift from Okawaru
  9643 | D:11     | Noticed a wizard
  9656 | D:11     | Reached skill level 13 in Axes
  9656 | D:11     | Reached XP level 12. HP: 58/77 MP: 12/12
  9765 | D:11     | Noticed Gastronok
  9780 | D:11     | Killed Gastronok
  9985 | D:11     | Noticed a boulder beetle
 10057 | D:11     | Killed a boulder beetle
 10212 | D:11     | Found a runed translucent gate.
 10213 | D:11     | Found a runed translucent gate.
 10213 | D:11     | Noticed ziggurnaut's ghost (journeyman FeNe)
 10214 | D:11     | Found a runed translucent gate.
 10214 | D:11     | Identified the +6 rapier of Qeneuseb {drain, MR+ Dex+3}
 10215 | D:11     | Found a roughly hewn altar of Beogh.
 10261 | D:11     | Identified a scroll of acquirement
 10261 | D:11     | Acquired 918 gold pieces
 10284 | D:11     | Reached skill level 14 in Axes
 10305 | D:11     | Reached ****** piety under Okawaru
 10559 | D:11     | Killed ziggurnaut's ghost
 10833 | D:12     | Received a gift from Okawaru
 10896 | D:12     | Noticed a two-headed ogre
 10897 | D:12     | Found a gate leading to a gauntlet.
 10902 | D:12     | Killed a two-headed ogre
 10908 | Gauntlet | Entered a Gauntlet
 10908 | Gauntlet | Found a transporter.
 10908 | Gauntlet | Noticed a thrashing horror
 10911 | Gauntlet | Found a transporter.
 10912 | Gauntlet | Found a transporter.
 10912 | Gauntlet | Noticed a thrashing horror
 10913 | Gauntlet | Found a transporter.
 10913 | Gauntlet | Identified the ring of the Middle {Int+9 Stlth-}
 10913 | Gauntlet | Noticed an entropy weaver
 10916 | Gauntlet | Found a transporter.
 10917 | Gauntlet | Found a transporter.
 10935 | Gauntlet | Noticed a catoblepas
 10937 | Gauntlet | Found a transporter.
 10939 | Gauntlet | Found the +5 demon whip "Spellbinder" {antimagic, MR+}
 10943 | Gauntlet | Found a transporter.
 10984 | Gauntlet | Identified the ring "Gippehef" {rElec rPois Str+4 SInv}
 10987 | Gauntlet | Found a transporter.
 11007 | Gauntlet | Found a transporter.
 11011 | Gauntlet | Found a transporter.
 11016 | Gauntlet | Noticed a reaper
 11022 | Gauntlet | Found a transporter.
 11078 | Gauntlet | Cast into level 2 of the Abyss (entropy weaver)
 11083 | Abyss:2  | Noticed a tentacled starspawn
 11101 | Abyss:2  | Got a faintly glowing garnet amulet
 11102 | Abyss:2  | Identified the amulet "Cotih" {Spirit rElec rPois Int+8
                  | Dex-5} (You found it on level 2 of the Abyss)
 11123 | Abyss:2  | Killed a tentacled starspawn
 11124 | Abyss:2  | Reached skill level 15 in Axes
 11187 | Abyss:2  | Noticed a tentacled starspawn
 11188 | Abyss:2  | Noticed a tentacled starspawn
 11195 | Abyss:2  | Noticed a tentacled starspawn
 11204 | Abyss:2  | Killed a tentacled starspawn
 11205 | Abyss:2  | Reached XP level 13. HP: 39/82 MP: 9/13
 11308 | Abyss:2  | Noticed a starcursed mass
 11523 | Abyss:2  | Noticed an Executioner
 11536 | Abyss:2  | Noticed a profane servitor
 11540 | Abyss:2  | Noticed a tentacled starspawn
 11738 | Abyss:2  | Noticed an ancient lich
 11744 | Abyss:2  | Found a corrupted altar of Lugonu.
 11952 | Abyss:2  | Reached skill level 16 in Axes
 11953 | Abyss:2  | Killed from afar by a wretched star

Illustrated notes

Levels and vault maps discovered:
D:1:      dpeg_arrival_stonehenge_8_columns, layout_basic,
          minmay_misc_feat_four_crosses, minmay_close_crescents
D:2:      layout_basic, xom_teletrap_fun, uniq_natasha, uniq_jessica
D:3:      layout_loops_corners, grunt_gozag_statues
D:4:      kennysheep_slugbush, layout_basic, kennysheep_mini_moat,
          minmay_temple_entry_statues, kennysheep_generic_room_5,
          uniq_blork_the_orc
D:5:      layout_loops_cross, lemuel_round_altar, uniq_pikel
D:6:      layout_cave_pods, dancing_weapons_uskayaw, serial_shops, shop_statue,
          uniq_sigmund, uniq_duvessa
D:7:      layout_basic, nicolae_overflow_quartered_altars, gammafunk_ghost_arena
D:8:      layout_basic, lair_entry_dummy, basic_altar, special_room
          [special_room_orc], serial_shops, nicolae_shop_overgrown_old_shop
D:9:      layout_basic, zombieorc2_lemuel, hangedman_fish_farm, uniq_grum,
          uniq_psyche
D:10:     layout_loops_corners
D:11:     layout_small_grid, biasface_ghost_orc_armoury, uniq_gastronok
D:12:     layout_rooms, serial_shops, shop, gauntlet_entry_generic
Temple:   jpeg_temple_clearing
Abyss:2:  base: Gauntlet, evilmike_abyss_exit_chaos
Gauntlet: minmay_gauntlet_mixed_oops_all_seconds
          [minmay_gauntlet_arena_77_broken_ladder,
          gammafunk_gauntlet_arena_split_diamond,
          minmay_gauntlet_arena_77_tiled_triplets,
          gammafunk_gauntlet_arena_chambers, minmay_gauntlet_arena_77_museum,
          gammafunk_gauntlet_arena_hedges, gauntlet_exit_hidden_loot]

Skill      XL: |  1  2  3  4  5  6  7  8  9 10 11 12 13 |
---------------+----------------------------------------+-----
Axes           | 2 3 4 5 6 8 10 12 13 15 16 | 16.0
Fighting       | 5 8 10 | 10.1
Armour         | 5 8 10 | 10.1
Shields        | |  3.2

Action                   |  1- 3 |  4- 6 |  7- 9 | 10-12 | 13-15 || total
-------------------------+-------+-------+-------+-------+-------++-------
Melee: War axe           |    90 |   170 |   243 |   671 |    37 ||  1211
Invok: Heroism           |       |       |     1 |    10 |     2 ||    13
Evoke: Wand              |       |       |       |     4 |       ||     4
  Use: Scroll            |       |       |    17 |     9 |     1 ||    27
       Potion            |       |       |     1 |     1 |       ||     2
 Stab: Distracted        |       |       |       |       |     1 ||     1
Armor: Scale mail        |    45 |   106 |    27 |       |       ||   178
       Chain mail        |       |       |   103 |       |       ||   103
       Plate armour      |       |       |    17 |   458 |    31 ||   506
Dodge: Dodged            |    37 |    56 |    54 |   133 |     7 ||   287
Block: Kite shield       |    44 |    92 |   113 |   338 |    29 ||   616

Table legend: (Time is in decaauts)
 A = Elapsed time spent in this place.
 B = Non-inter-level travel time spent in this place.
 C = Inter-level travel time spent in this place.
 D = Time resting spent in this place.
 E = Time spent auto-exploring this place.
 F = Levels seen in this place.
 G = Mean time per level.
                   A        B        C        D        E       F      G
               +--------+--------+--------+--------+--------+-----+--------+
         Total |  12054 |  11673 |    381 |   2010 |   6671 |  15 |  803.6 |
       Dungeon |  10925 |  10565 |    360 |   1434 |   6600 |  12 |  910.4 |
        Temple |     96 |     75 |     21 |      0 |     71 |   1 |   96.0 |
         Abyss |    863 |    863 |      0 |    576 |      0 |   1 |  863.0 |
      Gauntlet |    168 |    168 |      0 |      0 |      0 |   1 |  168.0 |
               +--------+--------+--------+--------+--------+-----+--------+

Top non-repeatable levels by time:
    D:11: 1404 daAuts
     D:2: 1127 daAuts
     D:9: 1111 daAuts
     D:6: 1066 daAuts
     D:8: 1064 daAuts
     D:4: 914 daAuts
     D:7: 913 daAuts
 Abyss:2: 863 daAuts
     D:3: 829 daAuts
     D:5: 807 daAuts
     D:1: 804 daAuts
    D:10: 801 daAuts
Gauntlet: 168 daAuts
  Temple: 96 daAuts
    D:12: 80 daAuts
